[ PARTIDA AOE2 · #494320182 ]
UnrankedTeutones vs Magyars
Equipo del jugador · DERR
Equipo rival · VICT
[ ANÁLISIS DE REPETICIÓN · EXTRAÍDO DE LA PARTIDA GRABADA ]
Feudal
8:26
Castillos
21:31
Imperial
—
| APM promedio | 35.3 |
| APM pico | 82 |
| eAPM promedio | 19.2 |
| Aldeanos / militares | 89 / 5 |
Foco
⚔️ 26.0% · 🌾 74.0%
Spearman ×5
Feudal
8:50
Castillos
21:48
Imperial
—
| APM promedio | 40.3 |
| APM pico | 75 |
| eAPM promedio | 21.3 |
| Aldeanos / militares | 87 / 66 |
Foco
⚔️ 31.5% · 🌾 68.5%
Magyar Huszar ×45 · Petard ×11 · Scout Cavalry ×10
Mapa de la partida
Recursos iniciales + cada clic de construcción. Líneas = muros · curvas = relieve. ◆ oro · ⬟ piedra · ● bayas · ✦ reliquia · ◌ hueco del cierre
Tu base· ✓ Cerrada en 21:31 · 0t muro · 2 puerta(s)
Base de pambii· ✓ Cerrada en 21:48 · 7t muro · 2 puerta(s)
Terreno inicial suavizado · ◌ = hueco del cierre detectado · pasá el cursor para detalles
Inputs por minuto
— N4Fis - - pambii
Build order — N4Fis
Primeras 150 de 173 acciones detectadas
| 0:00 | Crear | Villager (Male) |
| 0:02 | Construir | House |
| 0:03 | Construir | House |
| 0:12 | Crear | Villager (Male) |
| 0:12 | Crear | Villager (Male) |
| 0:14 | Crear | Villager (Male) |
| 1:27 | Crear | Villager (Male) |
| 1:46 | Construir | Lumber Camp |
| 1:52 | Crear | Villager (Male) |
| 2:23 | Crear | Villager (Male) |
| 2:23 | Crear | Villager (Male) |
| 2:53 | Crear | Villager (Male) |
| 2:53 | Crear | Villager (Male) |
| 2:54 | Crear | Villager (Male) |
| 3:29 | Crear | Villager (Male) |
| 3:29 | Crear | Villager (Male) |
| 3:36 | Construir | House |
| 3:37 | Construir | House |
| 4:00 | Crear | Villager (Male) |
| 4:37 | Crear | Villager (Male) |
| 4:42 | Construir | Mill |
| 5:09 | Crear | Villager (Male) |
| 5:12 | Investigar | Loom |
| 6:14 | Investigar | Feudal Age |
| 7:12 | Construir | Mining Camp |
| 7:34 | Crear | Villager (Male) |
| 8:01 | Crear | Villager (Male) |
| 8:02 | Crear | Villager (Male) |
| 8:02 | Crear | Villager (Male) |
| 8:02 | Crear | Villager (Male) |
| 8:26 | Edad | Edad Feudal |
| 8:31 | Construir | Watch Tower |
| 8:39 | Construir | Blacksmith |
| 9:06 | Construir | House |
| 9:22 | Crear | Villager (Male) |
| 9:34 | Investigar | Fletching |
| 9:59 | Construir | House |
| 10:05 | Crear | Villager (Male) |
| 10:34 | Construir | Watch Tower |
| 10:41 | Crear | Villager (Male) |
| 11:00 | Crear | Villager (Male) |
| 11:00 | Crear | Villager (Male) |
| 11:22 | Crear | Villager (Male) |
| 12:08 | Crear | Villager (Male) |
| 12:08 | Crear | Villager (Male) |
| 12:29 | Construir | Watch Tower |
| 13:01 | Crear | Villager (Male) |
| 13:01 | Crear | Villager (Male) |
| 13:35 | Crear | Villager (Male) |
| 13:40 | Construir | Farm |
| 13:41 | Construir | Farm |
| 13:41 | Construir | Farm |
| 13:43 | Construir | Farm |
| 13:56 | Construir | Mining Camp |
| 14:03 | Crear | Villager (Male) |
| 14:05 | Construir | Farm |
| 14:09 | Construir | Farm |
| 14:39 | Crear | Villager (Male) |
| 14:50 | Construir | Farm |
| 14:52 | Construir | Farm |
| 15:02 | Crear | Villager (Male) |
| 15:13 | Construir | Farm |
| 15:14 | Construir | Farm |
| 15:17 | Crear | Villager (Male) |
| 15:29 | Construir | House |
| 15:46 | Crear | Villager (Male) |
| 15:50 | Construir | Farm |
| 16:00 | Construir | Market |
| 16:04 | Investigar | Double-Bit Axe |
| 16:13 | Crear | Villager (Male) |
| 16:13 | Crear | Villager (Male) |
| 16:22 | Crear | Villager (Male) |
| 16:29 | Construir | Farm |
| 16:36 | Construir | Farm |
| 16:38 | Construir | Farm |
| 16:40 | Crear | Villager (Male) |
| 16:40 | Crear | Villager (Male) |
| 17:24 | Construir | House |
| 17:25 | Construir | House |
| 17:30 | Crear | Villager (Male) |
| 17:36 | Investigar | Horse Collar |
| 17:46 | Crear | Villager (Male) |
| 17:46 | Crear | Villager (Male) |
| 18:27 | Construir | Farm |
| 18:31 | Construir | Farm |
| 18:45 | Investigar | Castle Age |
| 19:02 | Crear | Villager (Male) |
| 19:22 | Construir | Barracks |
| 19:25 | Investigar | Scale Mail Armor |
| 19:34 | Construir | Farm |
| 19:37 | Investigar | Forging |
| 19:37 | Investigar | Forging |
| 19:45 | Crear | Villager (Male) |
| 19:45 | Crear | Villager (Male) |
| 20:07 | Crear | Villager (Male) |
| 20:29 | Construir | Barracks |
| 20:30 | Crear | Spearman |
| 20:34 | Crear | Villager (Male) |
| 20:55 | Crear | Spearman |
| 21:20 | Crear | Spearman |
| 21:21 | Crear | Villager (Male) |
| 21:31 | Edad | Edad de los Castillos |
| 21:34 | Investigar | Pikeman (upgrade) |
| 21:35 | Crear | Villager (Male) |
| 21:37 | Investigar | Chain Mail Armor |
| 21:47 | Investigar | Bodkin Arrow |
| 22:04 | Crear | Villager (Male) |
| 22:23 | Construir | Castle |
| 22:52 | Crear | Villager (Male) |
| 22:53 | Crear | Villager (Male) |
| 22:59 | Crear | Villager (Male) |
| 22:59 | Crear | Villager (Male) |
| 23:04 | Construir | Town Center |
| 23:44 | Crear | Villager (Male) |
| 23:44 | Crear | Villager (Male) |
| 23:49 | Crear | Villager (Male) |
| 23:49 | Crear | Villager (Male) |
| 24:23 | Construir | Castle |
| 24:26 | Crear | Villager (Male) |
| 24:26 | Crear | Villager (Male) |
| 24:26 | Crear | Villager (Male) |
| 24:26 | Crear | Villager (Male) |
| 24:34 | Crear | Villager (Male) |
| 24:34 | Crear | Villager (Male) |
| 24:41 | Investigar | Bow Saw |
| 24:55 | Construir | Farm |
| 24:56 | Construir | Farm |
| 25:10 | Crear | Villager (Male) |
| 25:10 | Crear | Villager (Male) |
| 25:10 | Crear | Villager (Male) |
| 25:24 | Construir | House |
| 25:25 | Construir | House |
| 25:43 | Crear | Villager (Male) |
| 25:43 | Crear | Villager (Male) |
| 25:44 | Crear | Villager (Male) |
| 25:49 | Construir | University |
| 25:52 | Crear | Villager (Male) |
| 25:53 | Crear | Villager (Male) |
| 26:08 | Crear | Villager (Male) |
| 26:08 | Crear | Villager (Male) |
| 26:08 | Crear | Villager (Male) |
| 26:11 | Construir | House |
| 26:13 | Crear | Villager (Male) |
| 26:23 | Construir | Farm |
| 26:24 | Construir | Farm |
| 26:24 | Construir | Farm |
| 26:24 | Construir | Farm |
| 26:25 | Construir | Farm |
| 26:26 | Construir | Farm |
| 26:27 | Construir | Farm |
Build order — pambii
Primeras 150 de 218 acciones detectadas
| 0:00 | Crear | Villager (Male) |
| 0:00 | Crear | Villager (Male) |
| 0:01 | Crear | Villager (Male) |
| 0:01 | Crear | Villager (Male) |
| 0:02 | Construir | House |
| 0:04 | Construir | House |
| 1:24 | Crear | Villager (Male) |
| 1:49 | Crear | Villager (Male) |
| 2:16 | Crear | Villager (Male) |
| 2:17 | Crear | Villager (Male) |
| 2:39 | Crear | Villager (Male) |
| 2:40 | Crear | Villager (Male) |
| 2:40 | Crear | Villager (Male) |
| 3:24 | Construir | Mill |
| 3:34 | Crear | Villager (Male) |
| 3:35 | Crear | Villager (Male) |
| 4:10 | Crear | Villager (Male) |
| 4:10 | Crear | Villager (Male) |
| 4:10 | Crear | Villager (Male) |
| 4:22 | Crear | Villager (Male) |
| 4:25 | Construir | House |
| 4:30 | Investigar | Loom |
| 4:31 | Crear | Villager (Male) |
| 4:31 | Crear | Villager (Male) |
| 4:32 | Crear | Villager (Male) |
| 4:35 | Construir | Lumber Camp |
| 5:14 | Crear | Villager (Male) |
| 5:14 | Crear | Villager (Male) |
| 5:14 | Crear | Villager (Male) |
| 5:15 | Crear | Villager (Male) |
| 5:15 | Crear | Villager (Male) |
| 5:53 | Crear | Villager (Male) |
| 6:08 | Crear | Villager (Male) |
| 6:09 | Crear | Villager (Male) |
| 6:09 | Crear | Villager (Male) |
| 6:09 | Crear | Villager (Male) |
| 6:19 | Crear | Villager (Male) |
| 6:39 | Investigar | Feudal Age |
| 7:27 | Construir | Barracks |
| 7:59 | Construir | House |
| 8:26 | Construir | House |
| 8:42 | Crear | Villager (Male) |
| 8:42 | Crear | Villager (Male) |
| 8:49 | Construir | Palisade Wall |
| 8:50 | Edad | Edad Feudal |
| 9:02 | Crear | Villager (Male) |
| 9:06 | Construir | Stable |
| 9:38 | Construir | Mining Camp |
| 9:51 | Crear | Scout Cavalry ×5 |
| 9:51 | Crear | Scout Cavalry |
| 9:52 | Crear | Scout Cavalry |
| 9:53 | Crear | Villager (Male) |
| 9:53 | Crear | Villager (Male) |
| 10:06 | Construir | House |
| 10:07 | Construir | House |
| 10:26 | Crear | Villager (Male) |
| 10:30 | Construir | Watch Tower |
| 10:53 | Crear | Villager (Male) |
| 10:53 | Crear | Villager (Male) |
| 11:18 | Crear | Villager (Male) |
| 11:19 | Crear | Villager (Male) |
| 11:38 | Crear | Villager (Male) |
| 11:38 | Crear | Villager (Male) |
| 11:52 | Crear | Villager (Male) |
| 11:53 | Crear | Villager (Male) |
| 12:03 | Construir | Farm |
| 12:04 | Construir | Farm |
| 12:05 | Construir | Farm |
| 12:06 | Construir | Farm |
| 12:10 | Construir | Watch Tower |
| 13:08 | Crear | Villager (Male) |
| 13:08 | Crear | Villager (Male) |
| 13:15 | Construir | Watch Tower |
| 13:18 | Crear | Villager (Male) |
| 13:18 | Crear | Villager (Male) |
| 13:28 | Crear | Scout Cavalry |
| 13:28 | Crear | Scout Cavalry |
| 13:42 | Construir | Blacksmith |
| 13:54 | Construir | Farm |
| 13:57 | Crear | Villager (Male) |
| 13:57 | Crear | Villager (Male) |
| 14:15 | Construir | Farm |
| 14:29 | Investigar | Fletching |
| 14:29 | Investigar | Fletching |
| 14:30 | Crear | Villager (Male) |
| 14:40 | Construir | Mining Camp |
| 14:51 | Investigar | Double-Bit Axe |
| 14:51 | Investigar | Double-Bit Axe |
| 15:07 | Crear | Villager (Male) |
| 15:10 | Construir | Farm |
| 15:36 | Construir | Farm |
| 15:37 | Construir | Farm |
| 15:38 | Construir | Farm |
| 15:40 | Crear | Villager (Male) |
| 15:55 | Construir | Farm |
| 16:00 | Construir | Farm |
| 16:10 | Construir | Mill |
| 16:26 | Investigar | Horse Collar |
| 16:31 | Crear | Villager (Male) |
| 16:40 | Construir | Farm |
| 16:42 | Construir | Farm |
| 16:47 | Construir | Farm |
| 16:49 | Construir | House |
| 16:51 | Construir | House |
| 16:57 | Investigar | Wheelbarrow |
| 16:57 | Investigar | Wheelbarrow |
| 17:14 | Crear | Villager (Male) |
| 17:14 | Crear | Villager (Male) |
| 17:16 | Construir | Farm |
| 17:34 | Construir | Farm |
| 17:38 | Construir | Farm |
| 17:40 | Construir | Farm |
| 18:37 | Crear | Villager (Male) |
| 19:08 | Investigar | Castle Age |
| 19:08 | Investigar | Castle Age |
| 19:08 | Investigar | Castle Age |
| 19:32 | Construir | Farm |
| 19:32 | Construir | Farm |
| 19:41 | Investigar | Stone Mining |
| 19:41 | Investigar | Stone Mining |
| 19:41 | Investigar | Stone Mining |
| 20:01 | Investigar | Gold Mining |
| 20:01 | Investigar | Gold Mining |
| 20:47 | Construir | House |
| 20:48 | Construir | House |
| 21:20 | Crear | Villager (Male) |
| 21:20 | Crear | Villager (Male) |
| 21:27 | Construir | Market |
| 21:48 | Edad | Edad de los Castillos |
| 21:51 | Investigar | Bodkin Arrow |
| 21:52 | Investigar | Bodkin Arrow |
| 21:54 | Investigar | Bow Saw |
| 21:54 | Investigar | Bow Saw |
| 22:26 | Construir | Castle |
| 22:31 | Crear | Villager (Male) |
| 22:32 | Crear | Villager (Male) |
| 22:49 | Crear | Villager (Male) |
| 23:05 | Crear | Villager (Male) |
| 23:05 | Crear | Villager (Male) |
| 23:13 | Investigar | Scale Barding Armor |
| 23:30 | Crear | Magyar Huszar |
| 23:31 | Crear | Magyar Huszar |
| 23:40 | Crear | Villager (Male) |
| 23:54 | Crear | Magyar Huszar ×3 |
| 23:54 | Crear | Magyar Huszar ×3 |
| 23:55 | Crear | Magyar Huszar ×3 |
| 24:00 | Crear | Villager (Male) |
| 24:00 | Crear | Villager (Male) |
| 24:00 | Crear | Villager (Male) |
| 24:01 | Crear | Villager (Male) |
Cronología de la partida
| 7:27 | pambii · first_building Barracks |
| 8:26 | N4Fis · age_up feudal |
| 8:49 | pambii · wall_segment Palisade Wall x7 |
| 8:50 | pambii · age_up feudal |
| 9:06 | pambii · first_building Stable |
| 17:59 | N4Fis · first_market_buy 100 food |
| 19:22 | N4Fis · first_building Barracks |
| 21:31 | N4Fis · age_up castle |
| 21:48 | pambii · age_up castle |
| 22:07 | N4Fis · first_market_sell 100 wood |
| 22:14 | pambii · first_market_sell 100 food |
| 22:15 | pambii · first_market_buy 100 stone |
| 22:23 | N4Fis · first_building Castle |
| 22:26 | pambii · first_building Castle |
| 26:47 | N4Fis · first_building Siege Workshop |
| 29:34 | N4Fis · resign |
[ ANÁLISIS IA · 1 CRÉDITO ]
¿Qué pasó realmente en esta partida?
Wolo.gg analiza cada decisión: build order, eco, micro, errores típicos por bracket. Análisis personalizado por WhatsApp o Discord en 30 segundos.
Guía civ
Teutones
Perfil
N4Fis